Map: Ruins of Endion

Players

Strange - Winner!

  • Race: Protoss Protoss

EnVyUsPolt (Polt)

  • Race: Terran Terran
  • League: Master

Event: DreamHack Open Tours WCS Spring Championship

VOD

https://www.youtube.com/watch?v=OZolx8tVksk

Description

Time

  • Played on: May 14, 2016, 7:40 a.m.
  • Length: 13:06

All games in this series

Show
View Real Time Build Order
Export as new Build Order

Strange Protoss - Winner!

Build Orders: 1 Gate Expand 

Get SALT Encoding   

  12  0:00  Probe (Chrono Boost)  
  13  0:11  Probe (Chrono Boost)  
  14  0:18  Pylon  
  14  0:22  Probe (Chrono Boost)  
  15  0:36  Probe (Chrono Boost)  
  15  0:37  Gateway  
  15  0:42  Assimilator  
  16  0:47  Probe (Chrono Boost)  
  17  0:57  Probe (Chrono Boost)  
  18  1:08  Probe (Chrono Boost)  
  19  1:20  Nexus  
  19  1:31  Cybernetics Core  
  19  1:34  Probe (Chrono Boost)  
  20  1:40  Assimilator  
  20  1:44  Probe (Chrono Boost)  
  21  1:51  Pylon  
  21  1:56  Probe (Chrono Boost)  
  22  2:10  Adept, Mothership Core (Chrono Boost)  
  22  2:14  Warp Gate  
  26  2:28  Probe (Chrono Boost)  
  27  2:32  Probe (Chrono Boost)  
  28  2:37  Adept (Chrono Boost)  
  28  2:38  Probe  
  28  2:44  Robotics Facility  
  31  2:45  Probe  
  31  2:50  Probe  
  33  2:56  Probe  
  34  3:03  Stalker (Chrono Boost)  
  37  3:05  Probe  
  37  3:06  Probe  
  38  3:15  Pylon  
  38  3:17  Probe  
  39  3:20  Pylon  
  39  3:24  Probe  
  39  3:26  Stalker (Chrono Boost)  
  40  3:32  Observer (Chrono Boost)  
  43  3:39  Twilight Council  
  43  3:44  Pylon  
  43  3:48  Pylon  
  43  3:51  Stalker  
  46  3:55  Observer (Chrono Boost)  
  46  3:58  Probe  
  46  4:01  Probe, Assimilator  
  48  4:09  Pylon  
  48  4:10  Probe  
  48  4:13  Probe  
  50  4:22  Probe (Chrono Boost)  
  50  4:23  Dark Shrine  
  51  4:25  Probe (Chrono Boost)  
  52  4:34  Probe (Chrono Boost)  
  52  4:37  Probe (Chrono Boost)  
  54  4:38  Gateway  
  54  4:39  Gateway  
  54  4:45  Warp Prism (Chrono Boost)  
  54  4:48  Probe x2  
  58  4:59  Probe  
  58  5:00  Probe  
  60  5:09  Probe  
  60  5:10  Pylon  
  60  5:12  Probe  
  62  5:14  Pylon  
  62  5:18  Assimilator  
  62  5:20  Probe  
  62  5:24  Probe  
  64  5:41  Dark Templar  
  66  5:51  Dark Templar  
  66  5:52  Dark Templar  
  66  5:55  Probe  
  69  5:57  Blink (Chrono Boost)  
  69  6:00  Probe  
  70  6:07  Probe  
  69  6:12  Probe  
  69  6:13  Nexus  
  69  6:15  Immortal, Pylon  
  69  6:18  Pylon  
  69  6:20  Sentry x2  
  69  6:23  Stalker  
  69  6:25  Pylon  
  75  6:31  Pylon  
  74  6:36  Gateway  
  74  6:37  Gateway  
  74  6:38  Gateway  
  74  6:44  Stalker x2  
  74  6:46  Dark Templar  
  80  6:57  Pylon  
  80  6:58  Immortal (Chrono Boost), Pylon  
  84  7:03  Forge  
  82  7:12  Sentry x2  
  82  7:14  Mothership Core  
  86  7:27  Probe  
  86  7:28  Probe  
  88  7:34  Stalker x4  
  96  7:38  Stalker  
  96  7:39  Stalker  
  72  8:01  Stalker  
  72  8:02  Stalker x4  
  72  8:03  Zealot  
  72  8:04  Probe  
  72  8:05  Probe x2  
  87  8:12  Protoss Ground Weapons Level 1 (Chrono Boost)  
  87  8:14  Probe  
  87  8:17  Probe x2  
  87  8:18  Assimilator  
  90  8:23  Assimilator  
  94  8:28  Warp Prism  
  92  8:34  Stalker  
  92  8:35  Stalker x3  
  97  9:01  Stalker x5  
  107  9:05  Observer  
  108  9:10  Pylon  
  108  9:13  Pylon  
  108  9:14  Pylon, Stalker  
  110  9:27  Pylon  
  110  9:28  Pylon  
  110  9:30  Adept x2  
  110  9:31  Adept x3  
  120  9:33  Immortal (Chrono Boost)  
  124  9:52  Sentry x4  
  118  9:56  Stalker x2  
  118  9:58  Protoss Ground Armor Level 1 (Chrono Boost)  
  123  10:12  Warp Prism (Chrono Boost)  
  125  10:15  Dark Templar  
  125  10:17  Stalker x3  
  133  10:22  Stalker x2  
  133  10:28  Gateway  
  137  10:34  Gateway  
  119  10:52  Stalker x2  
  119  10:53  Stalker x4  
  131  11:15  Adept x2  
  131  11:16  Adept x4  
  135  11:42  Adept x3  
  135  11:43  Adept x5  
  135  11:45  Warp Prism  
  141  12:05  Adept x4  
  141  12:06  Adept x4  
  153  12:15  Pylon  
  153  12:20  Warp Prism  
  149  12:44  Adept x8  
Show
View Real Time Build Order
Export as new Build Order

EnVyUsPolt Terran 

Build Orders: MMM Bio 

Get SALT Encoding   

  12  0:00  SCV  
  13  0:12  SCV  
  14  0:17  Supply Depot  
  14  0:24  SCV  
  15  0:39  SCV  
  15  0:41  Barracks  
  16  0:51  SCV  
  17  1:02  Supply Depot  
  17  1:03  SCV  
  18  1:15  SCV  
  19  1:23  Command Center  
  19  1:32  Orbital Command  
  19  1:38  Marine  
  20  1:49  Refinery  
  20  1:51  Refinery  
  20  1:55  Marine  
  20  2:00  SCV  
  22  2:06  Barracks  
  22  2:13  SCV, Marine  
  24  2:25  SCV  
  25  2:31  Marine  
  25  2:35  Orbital Command  
  26  2:37  Factory, SCV  
  27  2:49  SCV, Barracks Reactor  
  28  2:52  Barracks Tech Lab  
  28  2:57  Orbital Command  
  28  2:58  Engineering Bay  
  28  3:01  SCV  
  29  3:11  Marine  
  29  3:12  Stimpack  
  30  3:13  SCV  
  31  3:24  Widow Mine  
  31  3:25  SCV  
  34  3:28  Marine x2  
  34  3:29  Marine, Starport  
  34  3:31  SCV  
  38  3:37  SCV  
  39  3:43  Supply Depot, SCV  
  39  3:48  Marine x3  
  42  3:49  SCV  
  42  3:54  Supply Depot  
  44  3:57  SCV  
  44  4:01  SCV  
  46  4:05  Medivac  
  46  4:06  Marauder, Marine x2  
  52  4:12  Engineering Bay  
  52  4:14  SCV  
  52  4:16  SCV  
  53  4:19  Factory Reactor  
  53  4:23  Supply Depot  
  53  4:26  SCV  
  53  4:28  SCV  
  53  4:30  Marauder, Marine x2  
  59  4:38  Supply Depot, SCV  
  60  4:40  SCV  
  60  4:44  Refinery, Liberator  
  61  4:47  Refinery  
  61  4:49  Liberator  
  61  4:50  SCV  
  61  4:51  Barracks  
  61  4:52  SCV  
  63  4:54  Marauder  
  63  4:57  Marine x2  
  73  5:08  SCV x2  
  75  5:16  Supply Depot  
  75  5:18  Missile Turret  
  75  5:20  SCV x2  
  77  5:26  Marine  
  78  5:31  Terran Infantry Weapons Level 1  
  78  5:32  Combat Shields  
  78  5:37  Supply Depot  
  78  5:38  Marauder, Marine  
  81  5:45  Missile Turret  
  81  5:48  Missile Turret  
  81  5:52  Medivac x2  
  85  6:08  SCV x2  
  85  6:16  Marauder, Barracks Tech Lab, Barracks Reactor  
  87  6:22  SCV x2, Barracks x2  
  89  6:36  Command Center  
  89  6:41  Medivac x2  
  89  6:42  Factory Reactor  
  89  6:43  Concussive Shells  
  94  6:47  Supply Depot  
  94  6:48  Supply Depot  
  94  6:50  SCV  
  94  6:54  Supply Depot  
  94  7:06  SCV  
  94  7:08  SCV, Marine x3  
  94  7:09  Marauder  
  98  7:18  SCV, Barracks Tech Lab, Barracks Reactor  
  98  7:21  SCV  
  100  7:24  Supply Depot  
  100  7:25  Supply Depot  
  100  7:29  Terran Infantry Armor Level 1  
  100  7:30  SCV  
  100  7:33  SCV  
  102  7:40  Marauder x3, Marine x2  
  110  7:45  Liberator x2  
  110  7:48  SCV x2  
  110  7:49  Orbital Command  
  95  8:01  Marauder x2, Marine x4  
  95  8:02  Marauder  
  106  8:08  SCV x2  
  108  8:15  SCV  
  109  8:20  SCV x2  
  109  8:21  Starport  
  109  8:22  Fusion Core  
  109  8:23  Marine x2  
  109  8:24  Marauder x3  
  117  8:30  SCV  
  117  8:31  Liberator x2  
  117  8:32  SCV x2  
  117  8:33  Missile Turret  
  119  8:43  SCV  
  119  8:44  SCV x2  
  128  8:50  Marine x2  
  128  8:51  Marauder x3, Marine  
  128  8:53  Marine  
  135  8:59  SCV x2  
  135  9:00  SCV  
  135  9:01  Refinery  
  135  9:02  Refinery  
  138  9:09  Starport Tech Lab  
  138  9:12  SCV x3  
  138  9:13  Marauder, Marine x2  
  138  9:14  Marine x2  
  147  9:17  Marauder  
  147  9:18  Supply Depot  
  147  9:19  Supply Depot  
  147  9:21  Supply Depot  
  147  9:22  Supply Depot  
  147  9:23  Supply Depot  
  149  9:30  Liberator  
  149  9:39  Marine x4  
  149  9:40  Marauder x2  
  149  9:41  Marauder  
  149  9:45  SCV x3  
  160  9:47  Advanced Ballistics  
  163  9:59  Marine x4  
  161  10:01  Marauder x2  
  161  10:02  Marauder  
  169  10:12  Supply Depot  
  169  10:13  Supply Depot  
  169  10:22  Command Center  
  169  10:24  Liberator x3  
  169  10:25  Armory  
  169  10:27  Engineering Bay  
  169  10:29  Orbital Command  
  169  10:32  Missile Turret  
  169  10:35  Missile Turret  
  144  11:10  Liberator x3  
  144  11:11  Marauder x3, Marine x4  
  143  11:44  Marauder x3, Marine x4  
  141  11:54  Liberator  
  141  11:55  SCV x3, Liberator x2  
  136  12:06  Orbital Command  
  136  12:07  SCV x3  
  146  12:19  SCV x2  
  146  12:20  SCV  
  144  12:29  Marauder x3  
  140  12:31  Marine x2  
  140  12:32  Marine x2  

Tags
 
Add a new tag
Caveats
  • Supply blocks, unpowered buildings, or Contaminate may cause inaccurate times.
  • Supply counts are checked every 10 seconds.